 Dungeon Crawl Stone Soup version 0.30.0-17-ge0270778cf (webtiles) character file.

Game seed: 44489523218597234

96 sampeng1 the Chopper (level 4, -8/35 HPs)
             Began as a Human Chaos Knight on May 22, 2023.
             Was a Plaything of Xom.
             Splashed by a jelly's acid (9 damage)
             ... on level 3 of the Dungeon.
             The game lasted 00:10:26 (2196 turns).

sampeng1 the Chopper (Human Chaos Knight)           Turns: 2196, Time: 00:10:27

Health: -8/35      AC:  1    Str: 14    XL:     4   Next: 98%
Magic:  4/4        EV: 12    Int: 14    God:    Xom [...*..]
Gold:   70         SH:  0    Dex: 13    Spells: 3/3 levels left

rFire   . . .        a - +2 hand axe (chaos)
rCold   . . .        (no shield)
rNeg    . . .        b - +3 leather armour
rPois   .            (no helmet)
rElec   .            (no cloak)
rCorr   .            (no gloves)
SInv    .            k - +2 pair of boots "Kecij" {Int+2}
Will    .....        (no amulet)
Stlth   +            (no ring)
HPRegen 0.25/turn    (no ring)
MPRegen 0.09/turn

%: no passive effects
@: corroded
A: no striking features
a: Renounce Religion


You were on level 3 of the Dungeon.
You worshipped Xom.
You were a favourite toy of Xom.
You visited 1 branch of the dungeon, and saw 3 of its levels.

You collected 70 gold pieces.

Inventory:

Hand Weapons
 a - a +2 hand axe of chaos (weapon)
 i - a +0 sling
Missiles
 d - 23 stones
 g - 3 curare-tipped darts (quivered)
 m - 3 datura-tipped darts
Armour
 b - a +3 leather armour (worn)
 k - the +2 pair of boots "Kecij" (worn) {Int+2}
   (You found it on level 3 of the Dungeon)

   Int:       It affects your intelligence (+2).
Scrolls
 j - a scroll of magic mapping {unknown}
 l - a scroll of silence {unknown}
Potions
 e - a potion of haste
 f - 2 potions of curing
 h - 2 potions of flight
Miscellaneous
 c - a piece from Xom's chessboard (11/15)


   Skills:
 + Level 3.5 Fighting
 + Level 3.6 Axes
 + Level 2.9 Armour
 + Level 2.3 Dodging


You had 3 spell levels left.
You didn't know any spells.
Your spell library contained the following spells:

 Spells                   Type           Power      Damage    Failure   Level
 Sandblast                Erth           0%         2d4       34%         1
 Passwall                 Tmut/Erth      0%         N/A       47%         2
 Hailstorm                Conj/Ice       0%         3d3       71%         3
 Animate Armour           Summ/Erth      0%         N/A       98%         4
 Ice Form                 Ice/Tmut       0%         N/A       98%         4
 Eringya's Noxious Bog    Tmut/Pois      0%         N/A       100%        6
 Iron Shot                Conj/Erth      0%         9d1       100%        6
 Simulacrum               Ice/Necr       0%         N/A       100%        6


Dungeon Overview and Level Annotations

Branches:
Dungeon (3/15)

Altars:
Kikubaaqudgha


Message History

The orc shouts!
A ball python comes into view.
You slash the orc!
You kill the orc!
Things that are here:
a +0 club; an orc corpse The ball python bites you but does no damage.
The ball python grabs you. The ball python constricts you.
You hit the ball python.
You kill the ball python!
Things that are here:
a +0 club; a ball python corpse; an orc corpse A jelly comes into view.
A rat comes into view.
Found 12 gold pieces, a shimmering spear, a scroll of fear and a sling.
The jelly quivers.
You hit the jelly. You burn the jelly.
Your hands burn!
The jelly is lightly wounded.
The jelly barely misses you.
You completely miss the jelly.
The jelly is lightly wounded.
The jelly hits you. The acid corrodes you!
You are splashed with acid.
You hit the jelly but do no damage.
The jelly is moving more slowly.
Your hands burn!
The jelly is lightly wounded.
The jelly hits you. The acid corrodes you!
You are splashed with acid!
You don't know any spells.
You strike the helpless jelly from behind!
You hit the jelly. You burn the jelly.
Your hands burn!
* * * LOW HITPOINT WARNING * * *
The jelly is moderately wounded.
The jelly barely misses you.
You hit the jelly. You burn the jelly.
Your hands burn!
* * * LOW HITPOINT WARNING * * *
The jelly is moderately wounded.
The jelly barely misses you. The jelly hits you.
* * * LOW HITPOINT WARNING * * *
You are splashed with acid!
You die...
Xom chuckles heartily!

##.#.#.#.##
##.#.###.#†##
##.#.##.##.#.##
##)#.##.#.##)#.##
##.#.##.#.#
##.#.##
#.#.##.#...
##.#.##
#.#.##r)?)#
##.#.# ##.#...#
##.#.## ##.#@#.#
##.#.## ##.#J#
##.#.## ## ##
##.#.## ##.#.##
##.#.## ##.#.##
##.#.##
##.#.#########
##.#.##........


You could see a jelly (petrifying) and a rat.

Vanquished Creatures
  A hound (D:2)
  An adder (D:2)
  3 worms (D:2)
  2 orcs (D:3)
  5 ball pythons
  3 bats
  4 endoplasms
  4 giant cockroaches
  A goblin (D:1)
  6 hobgoblins
  2 jackals (D:2)
  2 frilled lizards
  6 kobolds
  6 rats
46 creatures vanquished.

Notes
Turn   | Place    | Note
-------+----------+-------------------------------------------
     0 | D:1      | sampeng1 the Human Chaos Knight began the quest for the
                  | Orb.
     0 | D:1      | Reached XP level 1. HP: 18/18 MP: 1/1
   125 | D:1      | Reached XP level 2. HP: 16/24 MP: 2/2
   171 | D:1      | XOM: divination: detect creatures
   316 | D:1      | XOM: 2-stop teleportation journey
   831 | D:1      | XOM: god gift: Xom's Spellbook of the Earth {god gift}
   832 | D:1      | Got Xom's Spellbook of the Earth {god gift}
   945 | D:2      | XOM: blink monster(s)
   947 | D:2      | XOM: blink monster(s)
   954 | D:2      | Reached XP level 3. HP: 22/29 MP: 3/3
  1016 | D:2      | Reached XP level 4. HP: 35/35 MP: 4/4
  1030 | D:2      | XOM: 5-stop teleportation journey
  1122 | D:2      | Found an ancient bone altar of Kikubaaqudgha.
  1148 | D:2      | XOM: silly message
  1969 | D:3      | XOM: stealth player
  2061 | D:3      | Identified the +2 pair of boots "Kecij" {Int+2}
  2196 | D:3      | HP: 1/35 [jelly (3)]
  2196 | D:3      | Splashed by a jelly's acid

Illustrated notes

Levels and vault maps discovered:
D:1:      erik_arrival_orb_chamber, layout_basic, chequers_serial_rivers_large_a
D:2:      layout_loops_ring, basic_altar
D:3:      minmay_inner_zag, layout_basic, serial_shops, shop,
          grunt_decor_junction

Skill      XL: |  1  2  3  4 |
---------------+-------------+-----
Dodging        | 2 |  2.3
Fighting       | |  3.5
Axes           | |  3.6
Armour         | |  2.9

Action                     |  1- 3 |  4- 6 || total
---------------------------+-------+-------++-------
  Melee: Hand axe          |    53 |    94 ||   147
         Punch             |     1 |       ||     1
  Evoke: Piece from Xom's  |       |     6 ||     6
    Use: Scroll            |     2 |     8 ||    10
         Potion            |       |     1 ||     1
   Stab: Confused          |     3 |       ||     3
         Sleeping          |     2 |     1 ||     3
         Petrifying        |       |     1 ||     1
 Armour: Leather armour    |    13 |    25 ||    38
  Dodge: Dodged            |    30 |    41 ||    71
